← All builds
Tech / Armada / Economy first / OBSERVED BUILD

Standard tech

Armada Tech (Eco) build order · Supreme Isthmus

Rushes T2 by 4:15, gets Advanced Metal Extractor around 5:28, hands off T2 constructors to Geo and the team, then scales eco and supplies the team's T2 needs through the rest of the game.

Usually first T2 con to Geo (83%)

#eco #t2 #team support · 1579 distinct matches · 255 players · 58% of Armada Tech games · team won 53% of 1874 · Recently observed

HOW TO PLAY IT

Key timing: T2 factory by 4:15

  1. Open 3 mex and heavy wind to fund a fast T2 rush.
  2. Put down Bot Lab, planning to eat it for reclaim soon after.
  3. Get Advanced Bot Lab up, hitting the T2 factory rush timing.
  4. Upgrade mex to Advanced Metal Extractor to lock in team metal income.
  5. Eat Advanced Bot Lab and keep sending cons to Geo and Pond.

Phase by phase

TYPICAL OF ITS 1579 GAMES
  1. 1
  2. 2
  3. 3
  4. 4
PLAY THE OPENING

Follow the example game's first 6:00 step by step: what to build now, what comes next, and where it goes. At 1× it keeps pace with your own game.

  1. 1

    Up to the Bot Lab

    Economy
    • Metal Extractor3Mex
    • Wind Turbine4Wind
    Order
    1. Bot LabBot Lab after 3 mex, 4 winddone ~1:18, middle half 1:13–1:32

    Some games also: energy storage (31%)

    By 1:01 in all: 3 mex · 4 wind

    The example game in this phase · 3 steps
    1. Mex ×3
    2. Wind ×4
    3. Bot LabBot Labdone 1:17 · typical 1:18
  2. 2

    Bot Lab to Advanced Bot Lab

    Economy
    • Metal Extractor1Mex
    • Wind Turbine8Wind
    • Energy Storage1Energy storage
    Order
    1. Advanced Bot LabAdvanced Bot Lab after 4 mex, 12 wind, 3 con turretdone ~4:16, middle half 4:04–4:30
    Builders
    • Construction Turret3 Con turret
    • Lazarus3 Lazarus
    • Construction Bot2 Con bot
    • Construction Bot1 Con bot for allies

    Some games also: converter (36%)

    By 3:18 in all: 4 mex · 12 wind · 1 energy storage · 3 con turret

    The example game in this phase · 12 steps
    1. Construction BotCon bot
    2. LazarusLazarus ×2for Suicide front
    3. Wind ×3
    4. Mex
    5. Construction BotCon botfor Air
    6. Wind
    7. Energy storage
    8. LazarusLazarusfor Suicide front
    9. Converter ×2
    10. LazarusLazarus
    11. Con turret ×3
    12. Advanced Bot LabAdvanced Bot Labdone 4:02 · typical 4:16
  3. 3

    Advanced Bot Lab to 5:00

    Economy
    • Wind Turbine3Wind
    Order
    1. Bot LabEat Bot Lab
    Builders
    • Advanced Construction Bot1 T2 con bot for allies

    Some games also: converter (35%)

    By 5:00 in all: 4 mex · 15 wind · 1 converter · 1 energy storage · 3 con turret

    The example game in this phase · 5 steps
    1. Bot LabEat Bot Labreclaimed for its metal
    2. Advanced Construction BotT2 con botfor Geo
    3. Wind ×2
    4. Advanced Metal ExtractorT2 mexdone 4:46 · typical 5:29
    5. Advanced Construction BotT2 con botfor Geo sea
  4. 4

    5:00 to 10:00

    Economy
    • Wind Turbine43Wind
    • Energy Converter6Converter
    Builders
    • Butler9 Butler
    • Advanced Construction Bot4 T2 con bot for allies
    • Advanced Construction Bot1 T2 con bot

    Some games also: con turret (43%) · Butler for allies (36%)

    By 10:00 in all: 4 mex · 58 wind · 8 converter · 1 energy storage · 3 con turret

    The example game in this phase · 188 steps
    1. Advanced Metal ExtractorT2 mex
    2. Advanced Construction BotT2 con botfor Air
    3. Advanced Metal ExtractorT2 mex
    4. ButlerButler
    5. Advanced Construction BotT2 con botfor Pond
    6. ButlerButler ×2
    7. Advanced Construction BotT2 con botfor Beach sea
    8. Advanced Metal ExtractorT2 mex
    9. ButlerButler
    10. Wind ×3
    11. ButlerButler
    12. Wind ×9
    13. ButlerButler
    14. Wind ×8
    15. ButlerButler
    16. Wind ×3
    17. ButlerButler
    18. Wind ×2
    19. ButlerButler
    20. Wind ×4
    21. ButlerButler
    22. Wind ×4
    23. ButlerButler
    24. Wind ×2
    25. Con turret
    26. Wind ×5
    27. ButlerButler
    28. Wind ×4
    29. Con turret
    30. Wind ×3
    31. ButlerButler
    32. Wind ×6
    33. Con turret
    34. Wind ×5
    35. ButlerButler
    36. Con turret
    37. Wind ×2
    38. Converter
    39. Wind ×4
    40. Con turret
    41. Wind ×10
    42. Converter
    43. Wind ×2
    44. Metal storage
    45. Wind ×2
    46. ButlerButler
    47. Wind ×3
    48. Converter
    49. Wind ×3
    50. UmbrellaAnti-nukedone 11:53
    51. Wind ×6
    52. Converter
    53. Wind ×6
    54. Converter
    55. Wind ×4
    56. Converter
    57. Wind ×5
    58. Converter
    59. Wind ×5
    60. Converter
    61. Wind ×5
    62. Converter
    63. Wind ×5
    64. Converter
    65. Wind ×4
    66. Converter
    67. Wind ×2
    68. Converter
    69. Wind ×5
    70. Converter
    71. Wind ×5
    72. Converter
    73. Wind ×2
    74. Converter
    75. Wind ×3
    76. Converter
    77. Wind ×5
    78. Converter ×2
    79. Wind ×5
    80. Converter
    81. Wind ×3
    82. Con turret
    83. Converter
    84. Wind
    85. Advanced Construction BotT2 con bot
    86. Wind ×2
    87. Converter
    88. Wind ×4
    89. Converter
    90. Wind ×4
    91. Converter
    92. Wind
    93. Converter
    94. Wind ×5
    95. Converter ×2
    96. Wind ×4
    97. Fusion ReactorFusiondone 13:25
    98. Con turret
    99. Wind
    100. Converter
    101. Wind ×4
    102. Con turret
    103. Converter
    104. Wind
    105. Converter
    106. Wind ×5
    107. Converter ×2
    108. Con turret
    109. Wind ×5
    110. Converter
    111. Wind ×2
    112. Converter
    113. Wind ×3
    114. Con turret
    115. Wind ×4
    116. Converter
    117. Wind
    118. Converter
    119. Wind ×5
    120. Converter
    121. Advanced Bot LabEat Advanced Bot Labreclaimed for its metal
    122. Converter
    123. Wind ×5
    124. Converter
    125. Wind ×4
    126. Converter
    127. Wind
    128. Converter
    129. Wind ×5
    130. Converter
    131. Wind ×4
    132. Converter
    133. Wind
    134. Converter
    135. T2 converter
    136. Wind ×4
    137. Converter
    138. Wind ×3
    139. Converter
    140. Wind
    141. Converter
    142. Wind ×4
    143. Converter
    144. Advanced Fusion ReactorAdvanced Fusion Reactornot finished by 15:00
    145. Converter
    146. Wind ×4
    147. Converter
    148. Wind ×3
    149. Converter
    150. Wind
    151. Con turret
    152. Converter
    153. Wind ×3
    154. Con turret
    155. Wind
    156. Converter
    157. Con turret
    158. Wind
    159. Converter
    160. Wind ×3
    161. Con turret
    162. Converter
    163. Wind ×3
    164. Converter
    165. Wind ×3
    166. Converter
    167. Wind ×2
    168. Converter
    169. Wind
    170. Converter
    171. Wind ×3
    172. Converter
    173. Wind ×3
    174. Converter
    175. Wind
    176. Con turret ×2
    177. Wind
    178. Converter
    179. Wind ×2
    180. Con turret
    181. Wind
    182. Converter
    183. Wind ×4
    184. Converter ×2
    185. Wind ×4
    186. Converter ×2
    187. T2 converter
    188. Wind ×4

Counts are medians over the build's games: half of them build more, half fewer. The example game is [Crd]Atlas's (31 OS, 06/09/2026); pick another.

Team trades

IN AT LEAST 30% OF ITS GAMES

You hand over

  • Construction Bot1 Con bot to Airfirst at 2:23 · in 84% of games
  • Advanced Construction Bot5 T2 con bot to Air or Geo sea or Pondfirst at 4:50 · in 99% of games
  • Butler2 Butler to Geo sea or Beach sea or Pondfirst at 9:07 · in 42% of games

You get

  • Hercules1 Light transport from Airfirst at 4:01 · in 86% of games

How it plays out

Typical game of this build, running totals by minute

Metal produced

020k40k
0:005:0010:0015:00

metal

Enemy metal destroyed

050100
0:005:0010:0015:00

metal

Own metal lost

050100150
0:005:0010:0015:00

metal

1874 games.

Show as table
ByMetal produced: This buildEnemy metal destroyed: This buildOwn metal lost: This build
1:0038300
2:0091500
3:00165100
4:00314400
5:00484700
6:00580000
7:00722700
8:00906100
9:001117300
10:001350300
11:001624200
12:001965600
13:002344500
14:0027362073
15:003154285130
WHAT THE NUMBERS SAY

Standard Tech play barely fights at all early, instead pouring metal into T2 infrastructure and constructors for the team.

  • + Metal produced hits 31679 by 15:00, by far the highest of any role here.
  • + T2 factory reached in 97% of games by 4:15, fastest and most reliable T2 timing.
  • − Enemy metal destroyed stays at 0 through 10:00, no early offense at all.
  • − Own metal lost also near 0, showing total avoidance of combat risk.
THE EXAMPLE YOU ARE READING

[Crd]Atlas

31.2 OS · 06/09/2026

Open source match ↗

2 received units · includes a constructor
1354 metal received · 51910 energy received

Allied construction assistance is unknown. Timings are observations, not a promise of solo reproducibility.

Typical milestones

Bot Lab1:18Middle 50%: 1:13–1:32 · n=1874
Advanced Bot Lab4:16Middle 50%: 4:04–4:30 · n=1867
Advanced Metal Extractor5:29Middle 50%: 5:05–5:59 · n=1870

Played most by

Amrissa93games of this buildTheGeneraI66games of this buildAdeus57games of this buildEl_Turco56games of this buildKOT_43games of this build